 Dungeon Crawl Stone Soup version 0.27-a0-96-gb51a1d6fd6 (webtiles) character file.

Game seed: 13711721406503004413

74279 Klosterheim the Thaumaturge (level 15, -1/86 HPs)
             Began as a Deep Elf Conjurer on Jan 19, 2021.
             Was an Elder of Sif Muna.
             Incinerated by a deep elf mage (9 damage)
             ... with a sticky flame
             ... on level 1 of the Elven Halls.
             The game lasted 02:37:37 (42045 turns).

Klosterheim the Thaumaturge (Deep Elf Conjurer)    Turns: 42045, Time: 02:37:38

Health: -1/86      AC:  8    Str:  4    XL:     15   Next: 6%
Magic:  10/33      EV: 20    Int: 33    God:    Sif Muna [****..]
Gold:   1959       SH:  0    Dex: 16    Spells: 2/38 levels left

rFire    x . .     SeeInvis .   V - +6 spear "Duopt" {vorpal, rPois Int+3}
rCold    + + .     Faith    .   (no shield)
rNeg     . . .     Spirit   .   a - +2 robe {Will+}
rPois    +         Reflect  .   B - +0 helmet
rElec    .         Harm     .   f - +0 cloak
rCorr    .         Rampage  .   P - +1 pair of gloves {Dex+3}
Will     ++...                  (no boots)
Stlth    ++........             (no amulet)
HPRegen  0.24/turn              O - ring of protection from cold
MPRegen  0.23/turn              q - ring of ice

@: liquid flames, glowing
A: no striking features
a: Renounce Religion, Channel Magic, Forget Spell, Divine Exegesis


You were on level 1 of the Elven Halls.
You worshipped Sif Muna.
Sif Muna was greatly pleased with you.
You visited 6 branches of the dungeon, and saw 20 of its levels.
You also visited: Ossuary.

You collected 1959 gold pieces.

Inventory:

Hand Weapons
 V - the +6 spear "Duopt" (weapon) {vorpal, rPois Int+3}
   (You found it on level 6 of the Lair of Beasts)

   It inflicts extra damage upon your enemies.
   It affects your intelligence (+3).
   It protects you from poison.
Armour
 a - a +2 robe of willpower (worn)
 f - a +0 cloak (worn)
 B - a +0 helmet (worn)
 P - a +1 pair of gloves of dexterity (worn)
Magical Staves
 K - an uncursed staff of earth
Jewellery
 q - a ring of ice (right hand)
 s - the ring "Vekkocef" {rPois Dex+3}
   (You found it on level 4 of the Lair of Beasts)

   [ring of poison resistance]

   It affects your dexterity (+3).
   It protects you from poison.
 t - an uncursed ring of positive energy
 w - an uncursed amulet of guardian spirit
 A - an uncursed ring of resist corrosion
 C - an uncursed ring of poison resistance
 D - an uncursed ring of flight
 O - a ring of protection from cold (left hand)
Wands
 g - a wand of digging (11)
 o - a wand of enslavement (18)
 y - a wand of paralysis (2)
 J - a wand of acid (9)
 L - a wand of iceblast (12)
 Q - a wand of random effects (19)
Scrolls
 b - 2 scrolls of amnesia
 c - 5 scrolls of enchant weapon
 d - a scroll of brand weapon
 e - a scroll of blinking
 k - 9 scrolls of remove curse
 p - 9 scrolls of teleportation
 r - 5 scrolls of fog
 u - 3 scrolls of fear
 x - a scroll of immolation
 E - 5 scrolls of enchant armour
 F - 3 scrolls of vulnerability
 H - 2 scrolls of magic mapping
 M - a scroll of holy word
 N - 4 scrolls of identify
Potions
 i - 6 potions of attraction
 j - 3 potions of resistance
 l - 2 potions of haste
 m - 15 potions of ambrosia
 n - 6 potions of lignification
 v - 5 potions of curing
 z - 2 potions of mutation
 G - 2 potions of might
 I - 2 potions of flight
Miscellaneous
 S - a lightning rod (4/4)
 T - a box of beasts
 U - a phantom mirror


   Skills:
 - Level 7.0 Fighting
 - Level 11.0 Dodging
 + Level 9.5 Stealth
 - Level 12.0 Spellcasting
 + Level 11.5 Conjurations
 - Level 4.0 Hexes
 - Level 5.0 Summonings
 - Level 1.0 Necromancy
 - Level 8.0 Translocations
 - Level 11.0 Fire Magic
 - Level 12.0 Earth Magic
 - Level 9.0 Invocations


You had 2 spell levels left.
You knew the following spells:

 Your Spells              Type           Power        Failure   Level
a - Iron Shot             Conj/Erth      38%          2%          6
b - Bolt of Magma         Conj/Fire/Erth 38%          1%          5
c - Sticky Flame          Conj/Fire      76%          1%          4
e - Dazzling Flash        Conj/Hex       100%         1%          3
f - Iskenderun's Mystic   Conj/Tloc      71%          1%          4
g - Fireball              Conj/Fire      38%          1%          5
h - Blink                 Tloc           N/A          1%          2
k - Passage of Golubria   Tloc           N/A          1%          4
l - Teleport Other        Tloc           64%          1%          3

Your spell library contained the following spells:

 Spells                   Type           Power        Failure   Level
 Animate Skeleton         Necr           52%          1%          1
 Apportation              Tloc           100%         1%          1
 Corona                   Hex            51%          1%          1
 Foxfire                  Conj/Fire      100%         1%          1
 Magic Dart               Conj           100%         1%          1
 Pain                     Necr           100%         1%          1
 Summon Small Mammal      Summ           100%         1%          1
 Call Imp                 Summ           51%          1%          2
 Searing Ray              Conj           100%         1%          2
 Slow                     Hex            46%          1%          2
 Call Canine Familiar     Summ           51%          1%          3
 Conjure Flame            Conj/Fire      76%          1%          3
 Inner Flame              Hex/Fire       62%          1%          3
 Lesser Beckoning         Tloc           32%          1%          3
 Mephitic Cloud           Conj/Pois/Air  45%          1%          3
 Portal Projectile        Hex/Tloc       100%         1%          3
 Summon Guardian Golem    Hex/Summ       49%          1%          3
 Fulminant Prism          Conj/Hex       31%          1%          4
 Leda's Liquefaction      Hex/Erth       32%          1%          4
 Vampiric Draining        Necr           13%          4%          3
 Cause Fear               Hex            23%          4%          4
 Summon Ice Beast         Ice/Summ       53%          9%          4
 Summon Lightning Spire   Summ/Air       36%          9%          4
 Animate Dead             Necr           13%          16%         4
 Airstrike                Air            9%           22%         4
 Silence                  Hex/Air        16%          28%         5
 Yara's Violent Unravell  Hex/Tmut       16%          28%         5
 Statue Form              Tmut/Erth      37%          30%         6
 Agony                    Necr           26%          38%         5
 Disjunction              Tloc           32%          99%         8
 Discord                  Hex            23%          100%        8
 Dragon's Call            Summ           25%          100%        9
 Shatter                  Erth           39%          100%        9


Dungeon Overview and Level Annotations

Branches:
Dungeon (9/15)             Temple (1/1) D:6            Lair (6/6) D:8
 Shoals (0/4) Lair:4        Snake (0/4) Lair:4        Slime (1/5) Lair:5
    Orc (2/2) D:9             Elf (1/3) Orc:2       Ossuary (visited)

Altars:
Ashenzari
Cheibriados
Dithmenos
Elyvilon
Fedhas
Gozag
Hepliaklqana
Kikubaaqudgha
Makhleb
Nemelex Xobeh
Okawaru
Qazlal
Ru
Sif Muna
Trog
Uskayaw
Vehumet
Wu Jian
Xom
Yredelemnul
Zin
The Shining One
Beogh

Shops:
D:7 !   Orc:2 [!(!

Annotations:
Lair:5 3 runed translucent doors, Bodu's ghost, journeyman NaFi


Message History

* * * LOW HITPOINT WARNING * * *
The bolt of lightning misses you.
Unknown command.
You are covered in liquid flames!
* * * LOW HITPOINT WARNING * * *
Unknown command.
Casting: Iron Shot (dangerous; 3% risk of failure)
Confirm with . or Enter, or press ? or * to list all spells.
Aiming: Iron Shot (dangerous; 3% risk of failure)
Press: ? - help, Shift-Dir - straight line, f - deep elf mage
Aim: a deep elf mage, wielding a +0 long sword (33% to evade)
The iron shot hits the deep elf mage!!!
You kill the deep elf mage!
Sif Muna accepts your kill.
You are covered in liquid flames!
* * * LOW HITPOINT WARNING * * *
You are covered in liquid flames!
* * * LOW HITPOINT WARNING * * *
You are covered in liquid flames!
You die...

###...........#
##.........##
##'.......## ###
###.##.....## ##!.♣
.#.#####'### #..)# .'##
#.# #..# ..# #.# ##..#
..## #.# ###...+ ...# #.#
#.@...+ ...# #.# #.#...+
...#####'## #.##..#
..###.....# #..#.)# ..#
#.....#####..#...# .##
##....+...'..##..♣ ####
.#
##...######.>.########..#
## ##'#.##
#)............# ##.##.#
#.(......(....#


There were no monsters in sight!

Vanquished Creatures
  Kirke (Lair:4)
  An orc warlord (Orc:2)
  The ghost of bmj180 the Thaumaturge, a journeyman DrCj of Vehumet (Orc:1)
  2 entropy weavers (Lair:5)
  Snorg (Lair:5)
  The ghost of Eckutwi the Frost Mage, a journeyman DEIE of Sif Muna (Lair:4)
  2 hydras
  A boulder beetle (Lair:6)
  A dancing weapon (Elf:1)
  2 centaur warriors (Orc:2)
  2 orc high priests
  A queen ant (Lair:5)
  Urug (Lair:6)
  A deep elf knight (Elf:1)
  Nergalle (Lair:4)
  A lindwurm (Lair:6)
  A spectral hydra (Lair:4)
  3 orc knights
  3 oklob plants
  9 deep elf magi (Elf:1)
  2 orc sorcerers (Orc:2)
  6 elephants
  5 black mambas
  23 cane toads
  2 rime drakes (Lair:5)
  10 komodo dragons
  4 polar bears
  3 tyrant leeches
  A hornet (D:9)
  A queen bee (Lair:2)
  31 blink frogs
  A snapping turtle (Lair:4)
  7 dream sheep
  A slime creature (Lair:5)
  A spectral black mamba (Lair:4)
  A spectral dream sheep (Lair:4)
  6 wyverns
  37 yaks
  The ghost of gruber the Digger, an amateur TrEE (D:3)
  A basilisk (Lair:3)
  3 hogs (Lair:4)
  A spectral komodo dragon (Lair:4)
  6 vampire mosquitoes
  A spectral cane toad (Lair:4)
  5 wargs
  4 nagas (Lair:4)
  25 soldier ants
  15 water moccasins
  45 orc warriors
  A necrophage (D:8)
  5 ogres
  8 black bears
  2 phantoms
  An ice beast (D:8)
  17 wolves
  12 centaurs
  21 bullfrogs
  2 wyvern zombies (Ossuary)
  3 scorpions
  31 killer bees
  3 electric eels
  10 wights
  5 howler monkeys
  2 centaur zombies
  4 bullfrog zombies
  6 hounds
  10 jellies
  14 orc priests
  Crazy Yiuf (D:5)
  A gnoll shaman (D:9)
  26 orc wizards
  3 bullfrog skeletons
  3 iguanas
  25 worker ants
  A killer bee zombie (Ossuary)
  A hound zombie (Ossuary)
  17 mummies (Ossuary)
  3 worker ant zombies
  A howler monkey zombie (D:8)
  14 gnolls
  11 adders
  3 shadow imps
  4 white imps
  A worker ant simulacrum (D:8)
  2 ufetubi
  14 oozes (Lair:2)
  4 adder zombies (Ossuary)
  An adder skeleton (D:4)
  2 worms
  2 dart slugs
  4 leopard geckos
  83 orcs
  6 giant cockroaches
  12 goblins
  12 hobgoblins
  13 jackals
  4 quokkas
  2 ball pythons
  15 bats
  6 frilled lizards
  2 jackal skeletons
  2 jackal zombies (Ossuary)
  7 kobolds
  2 leopard gecko zombies (Ossuary)
  A quokka simulacrum (D:8)
  3 quokka skeletons
  2 quokka zombies (Ossuary)
  7 rats
765 creatures vanquished.

Vanquished Creatures (collateral kills)
  Gastronok (Lair:1)
  A death yak simulacrum (Lair:4)
  A water moccasin (Lair:4)
  2 bullfrogs (Lair:1)
  A gnoll (D:5)
  An orc (D:3)
  A frilled lizard (D:3)
8 creatures vanquished.

Vanquished Creatures (others)
  A frilled lizard (D:2)
  90 fungi
  164 plants
  9 withered plants
264 creatures vanquished.

Grand Total: 1037 creatures vanquished

Notes
Turn   | Place    | Note
-------+----------+-------------------------------------------
     0 | D:1      | Klosterheim the Deep Elf Conjurer began the quest for the
                  | Orb.
     0 | D:1      | Reached XP level 1. HP: 10/10 MP: 6/6
   147 | D:1      | Reached XP level 2. HP: 15/15 MP: 0/8
   250 | D:1      | Learned a level 2 spell: Searing Ray
   631 | D:1      | Reached XP level 3. HP: 19/19 MP: 8/10
   865 | D:2      | Found an opulent altar of Gozag.
   922 | D:2      | Found a bloodstained altar of Trog.
  1098 | D:2      | Reached skill level 5 in Conjurations
  1506 | D:2      | Reached XP level 4. HP: 24/24 MP: 9/12
  1905 | D:2      | Found a white marble altar of Elyvilon.
  2057 | D:2      | Learned a level 1 spell: Summon Small Mammal
  2059 | D:2      | Learned a level 1 spell: Animate Skeleton
  2113 | D:3      | Found a runed translucent door.
  2120 | D:3      | Noticed gruber's ghost (amateur TrEE)
  2417 | D:3      | Learned a level 3 spell: Dazzling Flash
  2453 | D:3      | Reached XP level 5. HP: 20/28 MP: 9/13
  2873 | D:3      | Reached skill level 1 in Necromancy
  3193 | D:3      | Reached skill level 1 in Hexes
  3490 | D:4      | Reached skill level 1 in Summonings
  3500 | D:4      | Reached skill level 1 in Fighting
  3500 | D:4      | Reached XP level 6. HP: 34/34 MP: 6/14
  4035 | D:4      | Reached skill level 5 in Spellcasting
  4267 | D:4      | Reached XP level 7. HP: 40/40 MP: 8/16
  4400 | D:4      | Found a bloodstained altar of Trog.
  4430 | D:4      | Found a snail-covered altar of Cheibriados.
  4858 | D:5      | Entered Level 5 of the Dungeon
  4864 | D:5      | Reached skill level 5 in Dodging
  4869 | D:5      | Learned a level 4 spell: Iskenderun's Mystic Blast
  4908 | D:5      | Reached skill level 1 in Translocations
  4934 | D:5      | Found a basalt altar of Yredelemnul.
  4951 | D:5      | Found a sand-covered staircase.
  4961 | Ossuary  | Entered an ossuary
  5331 | Ossuary  | Reached XP level 8. HP: 44/44 MP: 12/19
  6189 | Ossuary  | Identified a scroll of acquirement
  6189 | Ossuary  | Acquired the Handbook of Igneous Feathers
  6205 | D:5      | Learned a level 5 spell: Fireball
  6735 | D:5      | Reached skill level 5 in Stealth
  6890 | D:5      | Reached skill level 1 in Fire Magic
  7001 | D:5      | Found a runed translucent door.
  7002 | D:5      | Noticed Crazy Yiuf
  7009 | D:5      | Killed Crazy Yiuf
  7445 | D:6      | Found a sparkling altar of Nemelex Xobeh.
  7792 | D:6      | Found a staircase to the Ecumenical Temple.
  7826 | Temple   | Entered the Ecumenical Temple
  8190 | Temple   | Became a worshipper of Sif Muna the Loreminder
  8319 | D:6      | Learned a level 2 spell: Blink
  8471 | D:6      | Reached XP level 9. HP: 50/50 MP: 13/20
  9424 | D:3      | Killed gruber's ghost
  9425 | D:3      | Reached skill level 5 in Fire Magic
  9723 | D:7      | Reached * piety under Sif Muna
  9802 | D:7      | Found a radiant altar of Vehumet.
  9815 | D:7      | Found an ancient bone altar of Kikubaaqudgha.
  9877 | D:7      | Got a scorched war axe
  9878 | D:7      | Identified the +9 war axe of Doom {vorpal, rPois rF+ Str-5
                  | Dex+2} (You found it on level 7 of the Dungeon)
  9881 | D:7      | Lost strength.
 10300 | D:7      | Found a basalt altar of Yredelemnul.
 10702 | D:7      | Found Elyharaa's Distillery.
 10782 | D:7      | Found a blossoming altar of Fedhas.
 10922 | D:8      | Reached ** piety under Sif Muna
 10923 | D:8      | Reached skill level 1 in Invocations
 10976 | D:8      | Found a hide-covered altar of Uskayaw.
 11658 | D:8      | Noticed a polar bear
 12009 | D:8      | Killed a polar bear
 12167 | D:8      | Reached XP level 10. HP: 56/56 MP: 13/22
 12272 | D:8      | Found a staircase to the Lair.
 12937 | D:9      | Reached skill level 5 in Invocations
 13346 | D:9      | Reached *** piety under Sif Muna
 13485 | D:9      | Found a staircase to the Orcish Mines.
 13728 | D:9      | Found a burning altar of Makhleb.
 13903 | D:9      | Learned a level 3 spell: Call Canine Familiar
 13908 | D:9      | Learned a level 4 spell: Sticky Flame
 14027 | Lair:1   | Entered Level 1 of the Lair of Beasts
 14678 | Lair:1   | Noticed a cane toad
 14684 | Lair:1   | Killed a cane toad
 14685 | Lair:1   | Reached skill level 5 in Translocations
 15058 | Lair:1   | Noticed a cane toad
 15069 | Lair:1   | Killed a cane toad
 15070 | Lair:1   | Reached XP level 11. HP: 60/60 MP: 12/26
 15161 | Lair:1   | Reached **** piety under Sif Muna
 15193 | Lair:1   | Reached skill level 5 in Summonings
 15195 | Lair:1   | Noticed Gastronok
 15494 | Lair:1   | Killed Gastronok
 16991 | Lair:2   | HP: 3/60 [poisoned by a cane toad]
 16997 | Lair:2   | HP: 3/60 [poisoned by a cane toad]
 17005 | Lair:2   | HP: 2/60 [poisoned by a cane toad]
 17347 | Lair:2   | Reached skill level 10 in Spellcasting
 17590 | Lair:2   | Noticed an oklob plant
 17858 | Lair:2   | Killed an oklob plant
 17859 | Lair:2   | Reached skill level 5 in Fighting
 18530 | Lair:2   | Reached skill level 10 in Dodging
 19500 | Lair:3   | Noticed a six-headed hydra
 19769 | Lair:2   | Killed a six-headed hydra
 19770 | Lair:2   | Reached XP level 12. HP: 68/68 MP: 8/28
 22154 | Lair:4   | Found a runed translucent gate.
 22154 | Lair:4   | Found a runed translucent gate.
 22202 | Lair:4   | Found a runed translucent gate.
 22214 | Lair:4   | Noticed Eckutwi's ghost (journeyman DEIE)
 22233 | Lair:4   | Found a staircase to the Snake Pit.
 22235 | Lair:4   | Reached ***** piety under Sif Muna
 22236 | Lair:4   | Identified Xidiun's Grimoire of Translocation (Sif Muna
                  | gifted it to you on level 4 of the Lair of Beasts)
 22236 | Lair:4   | Received a gift from Sif Muna
 22257 | Lair:4   | Learned a level 4 spell: Passage of Golubria
 22469 | Lair:4   | Noticed Kirke
 22519 | Lair:4   | Found a staircase to the Shoals.
 22565 | Lair:4   | Noticed Nergalle
 22579 | Lair:4   | Killed Nergalle
 23395 | Lair:4   | Killed Kirke
 23396 | Lair:4   | Reached skill level 10 in Conjurations
 24233 | Lair:4   | Killed Eckutwi's ghost
 24361 | Lair:4   | Reached XP level 13. HP: 67/72 MP: 18/31
 24450 | Lair:4   | Got a brightly glowing jade ring
 24452 | Lair:4   | Identified the ring "Vekkocef" {rPois Dex+3} (You found it
                  | on level 4 of the Lair of Beasts)
 24474 | Lair:5   | Found a staircase to the Slime Pits.
 24645 | Lair:4   | Reached skill level 10 in Fire Magic
 24982 | Lair:5   | Learned a level 3 spell: Teleport Other
 25351 | Lair:5   | Noticed Snorg
 25630 | Lair:5   | Noticed an entropy weaver
 25632 | Lair:5   | Killed Snorg
 25861 | Lair:5   | Killed an entropy weaver
 26170 | Lair:5   | Noticed an entropy weaver
 26351 | Lair:5   | Found a runed translucent gate.
 26353 | Lair:5   | Found a runed translucent gate.
 26545 | Lair:5   | Received a gift from Sif Muna
 27549 | Lair:5   | Found a runed translucent gate.
 27549 | Lair:5   | Noticed Bodu's ghost (journeyman NaFi)
 27577 | Lair:5   | Killed an entropy weaver
 28226 | Slime:1  | Entered Level 1 of the Pits of Slime
 28226 | Slime:1  | Noticed an acid blob
 28228 | Slime:1  | Noticed an azure jelly
 28446 | Lair:6   | Entered Level 6 of the Lair of Beasts
 29403 | Lair:6   | Learned a level 5 spell: Bolt of Magma
 29903 | Lair:5   | Reached skill level 1 in Earth Magic
 30717 | Lair:6   | Reached XP level 14. HP: 73/82 MP: 25/32
 31447 | Lair:6   | Reached skill level 5 in Earth Magic
 32917 | Lair:6   | Got a crystal spear
 32918 | Lair:6   | Identified the +6 spear "Duopt" {vorpal, rPois Int+3} (You
                  | found it on level 6 of the Lair of Beasts)
 32970 | Lair:6   | Noticed Urug
 32987 | Lair:6   | Killed Urug
 34079 | Lair:6   | Learned a level 6 spell: Iron Shot
 34294 | Orc:1    | Entered Level 1 of the Orcish Mines
 35822 | Orc:1    | Found a runed translucent gate.
 35823 | Orc:1    | Found a runed translucent gate.
 35999 | Orc:1    | Found a runed translucent gate.
 36015 | Orc:1    | Noticed bmj180's ghost (journeyman DrCj)
 36026 | Orc:1    | Killed bmj180's ghost
 36810 | Orc:2    | Entered Level 2 of the Orcish Mines
 36919 | Orc:2    | Identified Sif Muna's Tome of the Compass (Sif Muna gifted
                  | it to you on level 2 of the Orcish Mines)
 36919 | Orc:2    | Received a gift from Sif Muna
 37071 | Orc:2    | Reached skill level 10 in Earth Magic
 39211 | Orc:2    | Found a roughly hewn altar of Beogh.
 39236 | Orc:2    | Noticed an orc warlord
 39250 | Orc:2    | Killed an orc warlord
 39719 | Orc:2    | Found a staircase to the Elven Halls.
 40743 | Orc:2    | Found Wuplisia's Distillery.
 40743 | Orc:2    | Found Bouneced's Antique Weapon Shop.
 40745 | Orc:2    | Found Zuulenit's Distillery.
 40747 | Orc:2    | Found Louxeut's Armour Shoppe.
 41469 | Elf:1    | Entered Level 1 of the Elven Halls
 41700 | Elf:1    | Identified the Grimoire of Creative Attacks
 41849 | Elf:1    | Reached XP level 15. HP: 73/86 MP: 17/33
 42045 | Elf:1    | Incinerated by a deep elf mage

Illustrated notes

Levels and vault maps discovered:
D:1:      lightli_arrival_statuegarden, layout_rooms, minivault_27
D:2:      layout_loops_corners, elyvilon_altar_4, old_standard_altar,
          grunt_gozag_breadcrumbs
D:3:      layout_loops_ring, ebering_ghost_sewer_d, fountainhead
D:4:      layout_gridville, kennysheep_slug_shrine, trog_hazing_becter
D:5:      layout_basic, general_overflow_altar,
          lightli_ossuary_entry_decrepit_ruins, minmay_checkerbox,
          uniq_crazy_yiuf_cottage
D:6:      layout_basic, nemelex_xobeh_ov_fountains_minmay,
          minmay_temple_entry_grid
D:7:      layout_cave_pools, kiku_gazebo_garden_becter,
          overflow_temple_1_default, kennysheep_mini_moat, serial_shops,
          shop_statue, lemuel_altar_in_water
D:8:      layout_rooms, old_standard_altar, dpeg_oklobed_lair, serial_ice,
          serial_ice_f, serial_ice_h, serial_ice_n, serial_ice_d
D:9:      layout_roguey, orc_0_dummy, bloody_makhleb
Temple:   hc_temple_tempest_star
Lair:1:   layout_gridlike, beast_lair_carwin_1, grunt_megastairs_1,
          uniq_gastronok
Lair:2:   lemuel_slime, layout_small_grid, special_room [special_room_bee]
Lair:3:   layout_chaotic_city, infiniplex_staircase_pool_2
Lair:4:   layout_gridlike, minmay_shoals_entry_hut, guppyfry_snake_entry_garden,
          gammafunk_ghost_necromancy, lemuel_fruit_fields, uniq_kirke,
          uniq_nergalle
Lair:5:   layout_roguey, slime_dummy, gammafunk_ghost_necromancy, minivault_29,
          uniq_snorg
Lair:6:   minmay_lair_end_frog_pond, layout_cellular_growth, grunt_megastairs_4,
          minmay_lair_oklob_chamber, uniq_urug
Slime:1:  layout_caves
Orc:1:    layout_diamond_mine, ebering_ghost_rock_garden
Orc:2:    st_orc_rangers, layout_caves, basic_altar
Elf:1:    layout_geoelf_octagon, kennysheep_underground_church

Skill      XL: |  1  2  3  4  5  6  7  8  9 10 11 12 13 14 |
---------------+-------------------------------------------+-----
Stealth        | 3 4 5 6 8 9 |  9.5
Dodging        | 3 4 5 6 7 10 11 | 11.0
Spellcasting   | 4 5 6 7 9 10 12 | 12.0
Conjurations   | 5 6 8 9 10 11 | 11.5
Necromancy     | 1 |  1.0
Hexes          | 1 3 4 |  4.0
Summonings     | 1 4 5 |  5.0
Fighting       | 1 2 3 5 7 |  7.0
Translocations | 3 4 5 7 8 |  8.0
Fire Magic     | 3 7 8 9 10 11 | 11.0
Invocations    | 4 7 8 9 |  9.0
Earth Magic    | 3 12 | 12.0

Action                   |  1- 3 |  4- 6 |  7- 9 | 10-12 | 13-15 || total
-------------------------+-------+-------+-------+-------+-------++-------
Melee: Dagger            |     1 |     4 |    11 |       |       ||    16
       Falchion          |       |       |       |    16 |    54 ||    70
       Unarmed           |       |       |       |     1 |       ||     1
       Spear             |       |       |       |       |    48 ||    48
 Cast: Magic Dart        |    56 |   113 |   291 |   203 |   175 ||   838
       Searing Ray       |     4 |    15 |    59 |   117 |    38 ||   233
       Animate Skeleton  |       |     7 |     2 |     2 |       ||    11
       Summon Small Mamm |       |     1 |     3 |       |       ||     4
       Dazzling Flash    |       |       |     8 |    19 |     7 ||    34
       Iskenderun's Myst |       |       |     9 |    42 |    45 ||    96
       Fireball          |       |       |     5 |    39 |    42 ||    86
       Call Canine Famil |       |       |       |     9 |     6 ||    15
       Passage of Golubr |       |       |       |     8 |     5 ||    13
       Sticky Flame      |       |       |       |     7 |    33 ||    40
       Blink             |       |       |       |     2 |     1 ||     3
       Bolt of Magma     |       |       |       |       |   144 ||   144
       Teleport Other    |       |       |       |       |     4 ||     4
       Iron Shot         |       |       |       |       |   127 ||   127
Invok: Channel Magic     |       |       |       |     3 |     2 ||     5
       Forget Spell      |       |       |       |       |     2 ||     2
Evoke: Wand              |       |       |       |     1 |     3 ||     4
  Use: Scroll            |       |    13 |    11 |    13 |     9 ||    46
       Potion            |       |       |       |     5 |     3 ||     8
 Stab: Sleeping          |       |       |     1 |     1 |       ||     2
       Invisible         |       |       |       |     1 |       ||     1
Armor: Robe              |     1 |       |    23 |    21 |    34 ||    79
Dodge: Dodged            |     1 |    20 |   106 |   184 |   502 ||   813
       Rpst.: Falchion   |       |       |     6 |    51 |    85 ||   142

Table legend: (Time is in decaauts)
 A = Elapsed time spent in this place.
 B = Non-inter-level travel time spent in this place.
 C = Inter-level travel time spent in this place.
 D = Time resting spent in this place.
 E = Time spent auto-exploring this place.
 F = Levels seen in this place.
 G = Mean time per level.
                   A        B        C        D        E       F      G
               +--------+--------+--------+--------+--------+-----+--------+
         Total |  42199 |  39852 |   2347 |  21650 |  11611 |  21 | 2009.5 |
       Dungeon |  13615 |  12378 |   1237 |   5668 |   4785 |   9 | 1512.8 |
        Temple |    376 |    280 |     96 |      0 |    270 |   1 |  376.0 |
          Lair |  20049 |  19226 |    823 |  11215 |   4658 |   6 | 3341.5 |
    Slime Pits |      2 |      2 |      0 |      0 |      0 |   1 |    2.0 |
  Orcish Mines |   6335 |   6150 |    185 |   3852 |   1401 |   2 | 3167.5 |
   Elven Halls |    575 |    570 |      5 |    176 |    336 |   1 |  575.0 |
       Ossuary |   1244 |   1244 |      0 |    739 |    161 |   1 | 1244.0 |
               +--------+--------+--------+--------+--------+-----+--------+

Top non-repeatable levels by time:
  Lair:5: 5736 daAuts
   Orc:1: 4041 daAuts
  Lair:4: 3412 daAuts
  Lair:2: 3389 daAuts
  Lair:6: 3030 daAuts
  Lair:1: 2415 daAuts
     D:9: 2322 daAuts
   Orc:2: 2293 daAuts
  Lair:3: 2065 daAuts
     D:6: 1739 daAuts
     D:4: 1571 daAuts
     D:8: 1511 daAuts
     D:7: 1510 daAuts
     D:5: 1420 daAuts
     D:3: 1350 daAuts
